sono un coglione, chaotic female elven Rogue -------------- ---------- #.............| |............ ---------- #|............| ##-............. #.........-- #|..%..........# # |......(....... ###|.........| #---J---------- ####...........<... ####``###..........| ##` ####### # `-------.------- # ### |.........| # ### # ###########|.........| ### # # ### --------.-- # # #` # # ----.----# # # |.......|# # ------ |.......-%### --....| |.......| # |......| |........#` |.^...(-# ---...--- |......| ---- --->...| ------ sono un coglione the Pilferer Experience level: 10 Strength: 18 Dexterity: 18 Constitution: 15 Intelligence: 11 Wisdom: 11 Charisma: 9 Health: 0(87) Energy: 54(54) Def: 11 Gold: 3136 Moves: 20851 Dungeon seed: TBaXIopbmrgqgbUV Game ID: sono un coglione_1533845369 Your Inventory: Coins $ - 3136 gold pieces Amulets z - an uncursed amulet of reflection (being worn) Weapons a - a blessed +7 elven short sword named Sword of Legend (weapon in hand) t - 10 uncursed +0 elven daggers (in quiver) I - the uncursed rustproof +0 Valerian Armor e - an uncursed +0 pair of iron shoes (being worn) w - an uncursed +0 pair of leather gloves (being worn) C - a blessed +1 dwarvish iron helm (being worn) Scrolls x - an uncursed scroll of confuse monster Z - a blessed scroll of light Potions r - 2 uncursed potions of object detection D - a blessed potion of sickness Rings m - an uncursed ring of free action (on right hand) u - an uncursed ring of fire resistance (on left hand) Wands g - an uncursed wand of make invisible (0:1) l - an uncursed wand of sleep (0:0) A - a cursed wand of secret door detection (0:12) T - an uncursed wand of teleportation (0:0) W - a cursed wand of undead turning (0:7) X - an uncursed wand of secret door detection (0:13) Y - an uncursed wand of undead turning (0:6) Tools b - a blessed bag of holding c - an uncursed oil lamp (0:0) o - an uncursed lock pick B - an uncursed blindfold N - an uncursed tin opener P - an uncursed +0 unicorn horn Gems n - an uncursed luckstone Contents of the bag of holding: an uncursed amulet of ESP a cursed amulet of magical breathing a blessed +6 broad short sword [dwarvish short sword] named Newtsbane 8 [cursed] [-2] crossbow bolts 14 [cursed] [-1] crossbow bolts a [blessed] [+5] crossbow named Puddingbane a [cursed] [-2] elven dagger a [blessed] [+7] elven dagger named Dagger of Honor a [uncursed] +0 mummy wrapping a [uncursed] egg 5 [uncursed] food rations an uncursed partly eaten lizard corpse an uncursed lizard corpse 14 [uncursed] lumps of royal jelly an uncursed sprig of wolfsbane a [uncursed] scroll [of charging] labeled VENZAR BORGAVVE an uncursed scroll [of consecration] labeled PATENT PENDING called altar a [uncursed] scroll [of enchant armor] labeled ETAOIN SHRDLU 2 [uncursed] scroll [of fire]'s labeled THARR a [cursed] scroll [of gold detection] labeled ELBIB YLOH a [uncursed] scroll [of remove curse] labeled XYZZY 2 [uncursed] scrolls of confuse monster a [cursed] scroll of confuse monster 4 [uncursed] scrolls of create monster an uncursed scroll of destroy armor 2 [uncursed] scrolls of earth a [uncursed] scroll of enchant weapon 2 [uncursed] scrolls of identify a [cursed] scroll of light 2 uncursed scrolls of magic mapping 2 [blessed] scrolls of magic mapping a [blessed] scroll of stinking cloud 2 [uncursed] scrolls of teleportation an uncursed unlabeled scroll [of blank paper] a cursed unlabeled scroll [of blank paper] 2 [uncursed] black potion [of levitation]'s a [blessed] black potion [of levitation] a [uncursed] bubbly potion [of gain level] a [cursed] bubbly potion [of gain level] a [uncursed] emerald potion [of sleeping] a [cursed] fizzy potion [of booze] a [uncursed] murky potion [of blindness] a [uncursed] potion of acid a [uncursed] potion of extra healing a [blessed] potion of gain energy a [uncursed] potion of healing a [blessed] potion of invisibility 2 [blessed] potions of object detection a [uncursed] potion of oil 3 [uncursed] potions of paralysis 2 [uncursed] potions of sickness 3 [uncursed] potions of water a [uncursed] swirly potion [of full healing] a [cursed] agate ring [of polymorph] a [cursed] moonstone ring [of polymorph control] a cursed ring of aggravate monster an uncursed ring of poison resistance an uncursed ring of protection from shape changers an uncursed ring of searching a [cursed] shiny ring [of levitation] a [cursed] wire ring [of teleportation] a [uncursed] wand of cold [0:4] a [cursed] wand of cold [0:3] a [uncursed] wand of enlightenment [0:14] a [uncursed] wand of enlightenment [0:8] a [uncursed] wand of light [0:10] a [uncursed] wand of lightning [0:7] a [uncursed] wand of magic missile [0:7] a [uncursed] wand of magic missile [0:8] a blessed wand of opening (0:3) a [uncursed] wand of slow monster [0:6] a [uncursed] wand of speed monster [0:4] a [uncursed] wand of striking [0:2] a [uncursed] magic marker [0:30] a [uncursed] [+0] pick-axe 7 [uncursed] tallow candles [0:200] 5 [cursed] wax candles [0:400] Spells and supernatural/magical abilities: Name Level Category Fail Memory W - pray for help -- divine ? -- Your skills at the end: Miscellaneous Skills two weapon combat [Basic] wands [Basic] Weapon Skills dagger [Skilled] short sword [Expert] Spellcasting Skills Final Attributes: You were piously aligned. You were fire resistant. You were cold resistant. You were sleep resistant. You were poison resistant. Your writing hand was thoroughly cramped from overuse. You were telepathic. You had automatic searching. You had infravision. You were invisible. You were stealthy. You could teleport. You were protected. You had reflection. You had free action. You were lucky. You had extra luck. Bad luck did not time out for you. Good luck did not time out for you. You are dead. Vanquished creatures: a gryphon 2 vampires 2 ghosts a queen bee 3 giant mimics a wumpus a couatl a fire elemental an earth elemental 2 black nagas 3 small mimics a xan an ettin mummy a wood golem 2 pyrolisks 2 large dogs a large cat 2 gargoyles 3 tengu an ochre jelly 2 chameleons a leocrotta an elf mummy a human mummy a pit viper a python a wraith 5 wolves 2 black lights 2 leprechauns 2 quivering blobs 2 lizards 3 mountain nymphs a mumak a giant spider 2 scorpions 2 gnome kings 2 orc mummies 2 dwarf mummies a brown pudding 4 Green-elves 4 owlbears 2 yetis 2 gold golems 4 chickatrices 2 dingos 3 housecats 2 jaguars 3 dwarf lords a water nymph a white unicorn 2 dust vortices 4 ravens 2 gnome mummies 4 snakes 2 apes 3 human zombies 7 soldier ants 3 fire ants 5 yellow lights a baby crocodile a wood nymph 11 Mordor orcs 2 rock moles 4 rock piercers 5 fog clouds a shrieker a violet fungus 13 gnome lords 4 gnomish wizards 2 kobold mummies 6 gray oozes 2 elf zombies a ghoul 6 giant ants a puppy 9 floating eyes 3 kittens 19 dwarves 2 quasits 4 kobold lords 11 iguanas 19 hill orcs 6 rothes 2 rabid rats 4 centipedes 5 jitterbugs 2 giant bats 2 monkeys 11 orc zombies 5 dwarf zombies a werejackal 42 killer bees 9 coyotes 3 gas spores 5 hobbits 3 large kobolds 7 geckos 2 hobgoblins 6 giant rats 5 cave spiders 3 brown molds a green mold 2 red molds 53 gnomes 6 manes 3 gnome zombies 8 jackals a fox 3 kobolds 13 newts 2 goblins 5 sewer rats 4 grid bugs 6 bats 7 lichens 3 kobold zombies 495 creatures vanquished. Voluntary challenges: You did not cause conflict. You were not displaced. You used a wielded weapon 737 times, starting on turn 2. You did not use sinks. You read items or engraved 33 times, starting on turn 2649. You never genocided any monsters. You never polymorphed an object. You changed form 2 times, starting on turn 15632. You cheated 10 times but completed Sokoban on turn 12177. You used no wishes. You never split a pudding. You wrote Elbereth's name 1 time, starting on turn 20816. You violated your moral code, losing 1 point of alignment, starting on turn 18365. Dungeon overview: The Dungeons of Doom: levels 1 to 23 Level 1 a long staircase Level 2 stairs to The Gnomish Mines Level 3 Level 4 (T) Level 5 Level 6 a fountain Level 7 Level 8 Level 9 many fountains Level 10 a scroll shop stairs to Sokoban Level 11 a fountain, a sink Level 12 Level 13 Level 16 some fountains Level 17 Level 18 Level 19 a fountain Level 20 (T) a temple to Mog, some fountains Level 21 some altars to Mog Level 22 (DRAGONS) <- You were here Level 23 The Gnomish Mines: levels 3 to 11 Level 3 stairs to The Dungeons of Doom Level 4 Level 5 some shops, a temple to Kos, a magic chest, some fountains Level 6 Level 7 Level 8 Level 9 Level 10 Level 11 a magic chest, some fountains Sokoban: levels 6 to 9 Level 6 a magic chest Level 7 Level 8 Level 9 a magic chest stairs to The Dungeons of Doom History has recorded: On T:1 you entered the Dungeons of Doom to retrieve the Amulet of Yendor! On T:457 you reached level 2 of The Dungeons of Doom. On T:524 you reached level 1 of The Gnomish Mines. On T:538 you advanced to experience level 2. On T:600 you prayed to Kos. On T:614 you advanced to experience level 3. On T:638 you advanced to experience level 4. On T:947 you reached level 2 of The Gnomish Mines. On T:971 you advanced to experience level 5. On T:1187 you reached level 3 of The Gnomish Mines. On T:1205 you advanced to experience level 6. On T:1252 you prayed to Kos. On T:1406 you entered the Minetown temple On T:2642 you opened a magic chest. On T:2892 you received Valerian from Kos. On T:3588 you prayed to Kos. On T:3997 you reached level 3 of The Dungeons of Doom. On T:3999 you advanced to experience level 7. On T:4153 you reached level 4 of The Dungeons of Doom. On T:4249 you reached level 5 of The Dungeons of Doom. On T:4438 you reached level 6 of The Dungeons of Doom. On T:4665 you reached level 7 of The Dungeons of Doom. On T:6666 you advanced to experience level 8. On T:6756 you prayed to Kos. On T:7327 you reached level 8 of The Dungeons of Doom. On T:7499 you reached level 9 of The Dungeons of Doom. On T:7810 you reached level 10 of The Dungeons of Doom. On T:8219 you reached level 4 of Sokoban. On T:8680 you reached level 3 of Sokoban. On T:10105 you reached level 2 of Sokoban. On T:10126 you advanced to experience level 9. On T:11098 you reached level 1 of Sokoban. On T:12177 you entered the Sokoban zoo. On T:14203 you prayed to Kos. On T:14274 you reached level 4 of The Gnomish Mines. On T:14399 you reached level 5 of The Gnomish Mines. On T:14535 you reached level 6 of The Gnomish Mines. On T:14775 you reached level 7 of The Gnomish Mines. On T:14825 you reached level 8 of The Gnomish Mines. On T:15182 you reached level 9 of The Gnomish Mines. On T:15182 you reached the bottom of the Mines. On T:15643 you prayed to Kos. On T:15707 you advanced to experience level 10. On T:17432 you reached level 11 of The Dungeons of Doom. On T:17763 you reached level 12 of The Dungeons of Doom. On T:17924 you prayed to Kos. On T:18362 you reached level 13 of The Dungeons of Doom. On T:18457 you reached level 16 of The Dungeons of Doom. On T:18911 you reached level 17 of The Dungeons of Doom. On T:18911 you entered the Rogue tribute level. On T:19092 you reached level 18 of The Dungeons of Doom. On T:19344 you reached level 19 of The Dungeons of Doom. On T:19607 you reached level 20 of The Dungeons of Doom. On T:20096 you reached level 21 of The Dungeons of Doom. On T:20394 you prayed to Kos. On T:20455 you reached level 22 of The Dungeons of Doom. On T:20542 you prayed to Kos. On T:20553 you reached level 23 of The Dungeons of Doom. Score breakdown: Gold: 3136 ( 313 points) Experience: 10 levels ( 900 points) Exploration: 23 levels ( 660 points) Discoveries: 65 items ( 2000 points) Variety of kills: 117 monsters ( 2000 points) Major goal: Sokoban/Mines ( 1500 points) Survival: died (score multiplied by 3) Total score: 22119 Latest messages: The sleep ray hits the gryphon. (2x) You are already wielding your elven short sword named Sword of Legend. You catch the gryphon at a disadvantage! (3x) You kill the gryphon! The iron piercer bites! Something is written here in the dust. You read: "_|bc?cth". You stab the iron piercer! You stab the ape! The ape misses. The ape claws you! The ape misses. You stab the ape! The ape claws you! The ape misses. The ape bites! You kill the ape! You see here an ape corpse. This ape corpse tastes terrible! You stop eating. The gryphon pecks! The gryphon claws you! (2x) You die... Final status: Goodbye sono un coglione the Rogue, killed by a gryphon... You died in The Dungeons of Doom on dungeon level 22 with 22119 points, and 3136 pieces of gold, after 20851 moves. You were level 10 with a maximum of 87 hit points when you died.